 Dungeon Crawl Stone Soup version 0.29-a0-676-ga64570c9d2 (webtiles) character file.

Game seed: 3103579072453405042

87941 buhhh the Fighter (level 15, -17/132 HPs)
             Began as an Octopode Transmuter on June 24, 2022.
             Was a Priest of Cheibriados.
             Demolished by Rupert
             ... wielding a +2 vorpal battleaxe
              (38 damage)
             ... on level 13 of the Dungeon on June 25, 2022.
             The game lasted 01:25:57 (44826 turns).

buhhh the Fighter (Octopode Transmuter)            Turns: 44826, Time: 01:25:58

Health: -17/132    AC: 12    Str: 18    XL:     15   Next: 92%
Magic:  24/24      EV: 18    Int: 31    God:    Cheibriados [***...]
Gold:   223        SH:  5    Dex: 26    Spells: 8/26 levels left

rFire   . . .      SeeInvis +     - Unarmed
rCold   + + +      Faith    .   (shield currently unavailable)
rNeg    . . .      Spirit   .   (helmet currently unavailable)
rPois   +          Reflect  +   u - amulet of reflection
rElec   .          Harm     .   h - ring of protection from cold
rCorr   +          Rampage  .   m - ring of protection from fire
Will    ++...                   p - ring of poison resistance
Stlth   ++++......              x - ring of willpower
HPRegen 0.32/turn               i - ring of see invisible
MPRegen 0.19/turn               r - ring of resist corrosion
                                A - +6 ring of dexterity
                                (no ring)

@: mighty, ice-form, very slow
A: freezing attack, boosted hp, almost no armour, amphibious, 8 rings, large,
(camouflage 1), (gelatinous body 1), (nimble swimmer 1), (tentacles)
a: End Transformation, Renounce Religion, Bend Time, Temporal Distortion


You were on level 13 of the Dungeon.
You worshipped Cheibriados.
Cheibriados was most pleased with you.
You were a creature of crystalline ice.
You visited 4 branches of the dungeon, and saw 24 of its levels.

You collected 2167 gold pieces.
You spent 1944 gold pieces at shops.

Inventory:

Missiles
 b - 48 poisoned darts
 n - 2 throwing nets {!f}
 s - a curare-tipped dart
Magical Staves
 e - a staff of death
 o - a staff of poison
 q - a staff of fire
Jewellery
 a - an amulet of faith {!P}
 h - a ring of protection from cold (left front paw)
 i - a ring of see invisible (on tentacle)
 m - a ring of protection from fire (right front paw)
 p - a ring of poison resistance (on tentacle)
 r - a ring of resist corrosion (on tentacle)
 u - an amulet of reflection (around neck)
 x - a ring of willpower (on tentacle)
 A - a +6 ring of dexterity (on tentacle)
 C - a ring of ice
Wands
 d - a wand of flame (11)
 v - a wand of digging (8)
 y - a wand of mindburst (11)
 D - a wand of acid (5)
 E - a wand of iceblast (12)
 G - a wand of paralysis (3)
Scrolls
 g - 10 scrolls of identify {!d}
 t - 2 scrolls of poison
 z - a scroll of brand weapon
 F - 2 scrolls of enchant weapon
 P - 8 scrolls of magic mapping {!r!d}
 Q - 3 scrolls of fog
 R - a scroll of torment
 T - 3 scrolls of immolation {!d}
 X - 2 scrolls of amnesia
 Z - 2 scrolls of enchant armour
Potions
 f - 2 potions of might
 j - 4 potions of attraction
 k - 6 potions of flight
 l - 3 potions of lignification {!d}
 B - 6 potions of ambrosia {!q!d}
 H - 4 potions of invisibility {!q!d}
 J - 2 potions of magic {!q!d}
 K - 3 potions of brilliance {!q!d}
 N - 5 potions of curing {!q!d}
 U - 2 potions of mutation {!d}
 V - 2 potions of cancellation {!q!d}
Miscellaneous
 c - a lightning rod (4/4)


   Skills:
 - Level 13.0 Fighting
 - Level 10.0 Dodging
 - Level 6.0 Stealth
 * Level 10.5 Unarmed Combat
 - Level 6.3 Spellcasting
 - Level 10.0 Translocations
 - Level 10.1 Transmutations
 - Level 8.0 Ice Magic
 - Level 1.0 Poison Magic
 - Level 12.0 Invocations
 - Level 4.0 Evocations


You had 8 spell levels left.
You knew the following spells:

 Your Spells              Type           Power      Damage    Failure   Level
a - Blade Hands           Tmut           32%        N/A       1%          5
b - Wereblood             Tmut           64%        N/A       1%          2
c - Manifold Assault      Tloc           64%        N/A       2%          5
d - Ice Form              Ice/Tmut       60%        N/A       1%          4
e - Blink                 Tloc           100%       N/A       1%          2

Your spell library contained the following spells:

 Spells                   Type           Power      Damage    Failure   Level
 Beastly Appendage        Tmut           100%       N/A       1%          1
 Ensorcelled Hibernation  Hex/Ice        68%        N/A       1%          2
 Passwall                 Tmut/Erth      34%        N/A       1%          2
 Gell's Gravitas          Tloc           64%        N/A       1%          3
 Lesser Beckoning         Tloc           64%        N/A       1%          3
 Portal Projectile        Hex/Tloc       80%        N/A       1%          3
 Spider Form              Tmut/Pois      44%        N/A       1%          3
 Teleport Other           Tloc           64%        N/A       1%          3
 Necrotize                Necr           36%        1d5       4%          1
 Sandblast                Erth           18%        2d7       4%          1
 Slow                     Hex            36%        N/A       4%          1
 Iskenderun's Mystic Bla  Conj/Tloc      40%        2d9       6%          4
 Petrify                  Tmut/Erth      41%        N/A       6%          4
 Sublimation of Blood     Necr           9%         N/A       7%          2
 Confusing Touch          Hex            9%         N/A       14%         3
 Stone Arrow              Conj/Erth      18%        3d8       14%         3
 Swiftness                Air            9%         N/A       14%         3
 Tukima's Dance           Hex            9%         N/A       14%         3
 Vampiric Draining        Necr           9%         2d6       14%         3
 Irradiate                Conj/Tmut      20%        3d20      17%         5
 Summon Forest            Summ/Tloc      20%        N/A       17%         5
 Yara's Violent Unravell  Hex/Tmut       20%        3d9       17%         5
 Flame Wave               Conj/Fire      9%         2d5       43%         4
 Fulminant Prism          Conj/Hex       4%         3d6       43%         4
 Agony                    Necr           9%         N/A       78%         5
 Lee's Rapid Deconstruct  Erth           4%         3d6*      78%         5
 Summon Mana Viper        Hex/Summ       9%         N/A       78%         5
 Malign Gateway           Summ/Tloc      20%        N/A       99%         7
 Conjure Ball Lightning   Conj/Air       4%         3x3d6     100%        6
 Summon Cactus Giant      Summ           4%         N/A       100%        6
 Summon Horrible Things   Summ           4%         N/A       100%        8


Dungeon Overview and Level Annotations

Branches:
Dungeon (15/15) Zot: 39799  Temple (1/1) D:6 Zot: 8925    Lair (6/6) D:9 Zot: 24459
 Shoals (0/4) Lair:2       Spider (0/4) Lair:2        Slime (0/5) Lair:5
    Orc (2/2) D:10 Zot: 12352     Elf (0/3) Orc:2        Vaults (0/5) D:14
 Depths: D:15

Altars:
Ashenzari
Cheibriados
Dithmenos
Elyvilon
Fedhas
Gozag
Hepliaklqana
Kikubaaqudgha
Makhleb
Nemelex Xobeh
Okawaru
Qazlal
Ru
Sif Muna
Trog
Uskayaw
Vehumet
Wu Jian
Xom
Yredelemnul
Zin
The Shining One
Jiyva

Shops:
D:5 :   D:8 :?   D:9 [(   D:14 *   Orc:1 :   Orc:2 !??!

Annotations:
D:3 3 runed translucent doors, Nick1's ghost, amateur HOFi
D:13 exclusion: efreet, Rupert
Lair:3 2 transporters
Lair:4 exclusion: oklob plant
Orc:1 2 transporters, skullybones's ghost, journeyman DsAK


Innate Abilities, Weirdness & Mutations

You are a creature of crystalline ice.
You have a powerful freezing melee attack.
Your maximum health is increased.
Your armour is entirely melded.
You are incapable of wielding weapons or throwing items.
You cannot wear most types of armour.
You are amphibious.
You can wear up to eight rings at the same time.
((Your skin changes colour to match your surroundings (Stealth+).))
((Your rubbery body absorbs attacks. (AC +1, EV +1)))
((You are camouflaged when in or above water. (Stealth+)))
((You have tentacles for arms and can constrict up to eight enemies at once.))


Message History

Okay, then.
You feel very mighty all of a sudden. Rupert misses you.
Aiming: Paralyse
Press: ? - help, Shift-Dir - straight line, f/p - Rupert
Aim: Rupert, wielding a +2 vorpal battleaxe and wearing a +0 scale mail (moderately wounded, berserk, covered in acid, chance to affect: 4%)
Okay, then.
Aiming: Corrosive Bolt
Press: ? - help, Shift-Dir - straight line, f/p - Rupert
Aim: Rupert, wielding a +2 vorpal battleaxe and wearing a +0 scale mail (moderately wounded, berserk, covered in acid, 77% to hit)
The bolt of acid hits Rupert!
Rupert seems to be corroded for longer.
Rupert is moderately wounded.
Rupert closely misses you.
Rupert hits you with a +2 vorpal battleaxe!!
You barely miss Rupert.
Rupert is moderately wounded.
Rupert hits you with a +2 vorpal battleaxe!
Aiming: Corrosive Bolt
Press: ? - help, Shift-Dir - straight line, f/p - Rupert
Aim: Rupert, wielding a +2 vorpal battleaxe and wearing a +0 scale mail (moderately wounded, berserk, covered in acid, 77% to hit)
The bolt of acid hits Rupert!!
Rupert seems to be corroded for longer.
Rupert is heavily wounded.
You block Rupert's attack. Rupert closely misses you.
Aiming: Corrosive Bolt
Press: ? - help, Shift-Dir - straight line, f/p - Rupert
Aim: Rupert, wielding a +2 vorpal battleaxe and wearing a +0 scale mail (heavily wounded, berserk, covered in acid, 77% to hit)
The bolt of acid hits Rupert!!
Rupert seems to be corroded for longer.
Rupert is severely wounded.
Rupert hits you with a +2 vorpal battleaxe!!
* * * LOW HITPOINT WARNING * * *
x2 You punch Rupert!
You freeze Rupert.
Rupert is severely wounded.
You block Rupert's attack.
You punch Rupert! You freeze Rupert.
Rupert is almost dead.
Rupert misses you.
You punch Rupert! You freeze Rupert.
Rupert is almost dead.
Rupert hits you with a +2 vorpal battleaxe!!!
You die...

......#.#
#....##...≈≈≈≈≈....#
........#
#....##............#
####..###
#..........#########
#.....#####...####)..#
..............+..(...+
#.###..####...##[#...#
#..###.####...##.#...#
..°°○....#######@##'##
###☼####.# #Y##.# #§#
#.# #.##.......# #§#
#.# #.########.# # ###
##.# #.# #8# ☼.# #.#
##### #.## #.# ##§##
#..# #.# #.# #..## #.#
###.####...# #.#


You could see Rupert (berserk, corroded).

Vanquished Creatures
  2 orc warlords (Orc:1)
  Fannar (D:12)
  3 catoblepae
  4 boulder beetles
  7 hydras
  A centaur warrior (D:14)
  2 ogre magi (Orc:2)
  14 two-headed ogres
  17 death yaks
  2 orc high priests
  2 deep trolls (Orc:2)
  Pikel (D:4)
  A lindwurm (Lair:5)
  3 orc knights (Orc:1)
  4 ugly things
  2 deep elf pyromancers
  5 orc sorcerers
  6 manticores
  An elephant (D:9)
  7 cyclopes
  6 black mambas
  11 cane toads
  An unseen horror (D:13)
  Maggie (D:6)
  8 komodo dragons
  2 kobold demonologists
  A rime drake (Lair:5)
  13 trolls
  A hornet (D:9)
  3 slime creatures (Lair:5)
  3 polar bears
  22 blink frogs
  Sigmund (D:3)
  A culicivora (Lair:2)
  4 wyverns
  A yak (shapeshifter) (D:11)
  74 yaks
  A wraith (D:8)
  6 basilisks
  3 steam dragons
  Menkaure (D:4)
  A warg (Orc:1)
  5 acid dragons
  17 water moccasins
  3 black bears
  3 sky beasts (D:7)
  17 orc warriors
  4 ice beasts
  26 ogres
  16 centaurs
  A lemure (D:4)
  2 kobold brigands
  7 necrophages
  14 bullfrogs
  2 gnoll sergeants
  3 scorpions
  16 wights
  20 killer bees
  5 electric eels
  4 howler monkeys
  A crimson imp (D:10)
  4 jellies
  3 gnoll shamans
  11 orc priests
  9 iguanas
  17 orc wizards
  A boggart simulacrum (D:13)
  37 gnolls
  7 adders
  A shadow imp (D:5)
  2 white imps
  2 worms
  103 orcs
  3 bats
  6 endoplasms
  4 giant cockroaches
  7 goblins
  11 hobgoblins
  14 jackals (D:4)
  13 kobolds
  7 quokkas
  12 ball pythons
  2 frilled lizards (D:2)
  6 rats
698 creatures vanquished.

Vanquished Creatures (others)
  A bush (Lair:6)
  27 fungi
  81 plants
109 creatures vanquished.

Grand Total: 807 creatures vanquished

Notes
Turn   | Place    | Note
-------+----------+-------------------------------------------
     0 | D:1      | buhhh the Octopode Transmuter began the quest for the Orb.
     0 | D:1      | Reached XP level 1. HP: 13/13 MP: 3/3
   469 | D:1      | Reached XP level 2. HP: 16/18 MP: 3/5
   934 | D:1      | Reached skill level 2 in Fighting
  1197 | D:1      | Reached XP level 3. HP: 21/25 MP: 6/6
  1373 | D:1      | Learned a level 2 spell: Wereblood
  2140 | D:2      | Found a bloodstained altar of Trog.
  2193 | D:2      | Reached skill level 3 in Fighting
  2614 | D:2      | Reached XP level 4. HP: 31/31 MP: 5/7
  2808 | D:3      | Found a runed translucent gate.
  2808 | D:3      | Found a runed translucent gate.
  2819 | D:3      | Noticed Sigmund
  2832 | D:3      | Noticed Nick1's ghost (amateur HOFi)
  2833 | D:3      | Noticed a water moccasin
  2840 | D:3      | Found a runed translucent gate.
  3115 | D:3      | Found a white marble altar of Elyvilon.
  3122 | D:3      | Found a stormy altar of Qazlal.
  3202 | D:3      | Found a shimmering altar of Xom.
  3202 | D:3      | Found a blossoming altar of Fedhas.
  3210 | D:3      | Found a faded altar of an unknown god.
  3212 | D:3      | Found a faded altar of an unknown god.
  3214 | D:3      | Found a sacrificial altar of Ru.
  3596 | D:3      | Found a faded altar of an unknown god.
  3926 | D:4      | Reached skill level 4 in Fighting
  3926 | D:4      | Reached XP level 5. HP: 14/37 MP: 6/8
  3965 | D:4      | Reached skill level 5 in Fighting
  3965 | D:4      | Reached XP level 6. HP: 22/45 MP: 9/9
  4285 | D:4      | Learned a level 3 spell: Spider Form
  4559 | D:4      | Noticed Menkaure
  4662 | D:4      | Found a shimmering blue altar of Sif Muna.
  4987 | D:5      | Entered Level 5 of the Dungeon
  5406 | D:5      | Reached XP level 7. HP: 24/48 MP: 10/10
  6387 | D:5      | Learned a level 4 spell: Ice Form
  6707 | D:5      | Found Ywnuhioczo's Book Boutique.
  7996 | D:6      | Reached XP level 8. HP: 51/55 MP: 7/11
  9587 | D:6      | Found a staircase to the Ecumenical Temple.
  9591 | Temple   | Entered the Ecumenical Temple
  9628 | Temple   | Became a worshipper of Cheibriados the Contemplative
  9734 | D:6      | Got the Papyrus of Fetching Combat Magic
  9838 | D:6      | Reached skill level 6 in Fighting
  9990 | D:6      | Noticed Maggie
 10186 | D:6      | Killed Maggie
 10187 | D:6      | Reached XP level 9. HP: 34/62 MP: 9/12
 10912 | D:7      | Reached * piety under Cheibriados
 12082 | D:4      | Reached ** piety under Cheibriados
 12202 | D:4      | Killed Menkaure
 12391 | D:4      | Noticed Pikel
 12401 | D:4      | Killed Pikel
 12402 | D:4      | Reached XP level 10. HP: 68/68 MP: 9/14
 12655 | D:4      | Reached *** piety under Cheibriados
 13137 | D:3      | Killed Sigmund
 13645 | D:7      | Found an ornate altar of the Wu Jian Council.
 13655 | D:7      | Reached **** piety under Cheibriados
 14619 | D:8      | Found Zoozakust's Magic Scroll Shoppe.
 14627 | D:8      | Bought a scroll of magic mapping for 49 gold pieces
 14627 | D:8      | Bought a scroll of blinking for 105 gold pieces
 14627 | D:8      | Bought a scroll of teleportation for 42 gold pieces
 14627 | D:8      | Bought a scroll of identify for 28 gold pieces
 14627 | D:8      | Bought a scroll of identify for 28 gold pieces
 14716 | D:8      | Found Zoal's Book Shoppe.
 15511 | D:8      | Found a radiant altar of Vehumet.
 15511 | D:8      | Found a broken altar of Ashenzari.
 15919 | D:9      | Noticed an elephant
 15941 | D:9      | Noticed a two-headed ogre
 16003 | D:9      | Killed a two-headed ogre
 16079 | D:9      | Killed an elephant
 16080 | D:9      | Reached XP level 11. HP: 69/72 MP: 13/18
 16275 | D:9      | Found a staircase to the Lair.
 16749 | D:9      | Reached ***** piety under Cheibriados
 17059 | D:9      | Found Igrebuj's Antique Armour Boutique.
 17084 | D:10     | Entered Level 10 of the Dungeon
 17347 | D:10     | Noticed a cyclops
 17395 | D:10     | Found a staircase to the Orcish Mines.
 17428 | D:10     | Noticed a two-headed ogre
 17435 | D:10     | Killed a two-headed ogre
 18643 | D:9      | Found Anupsab's Weapon Shoppe.
 19460 | D:9      | Reached skill level 7 in Fighting
 19709 | D:9      | Noticed a two-headed ogre
 19717 | D:9      | Killed a two-headed ogre
 20372 | Lair:1   | Entered Level 1 of the Lair of Beasts
 20447 | Lair:1   | Reached skill level 11 in Invocations
 20628 | Lair:1   | Reached XP level 12. HP: 50/81 MP: 16/20
 21345 | Lair:1   | Reached skill level 8 in Fighting
 22478 | Lair:4   | Reached ****** piety under Cheibriados
 22568 | Lair:5   | Identified the +4 falchion of Disarray {flame, Dex+2}
 22590 | Lair:6   | Entered Level 6 of the Lair of Beasts
 22596 | Lair:6   | Noticed a seven-headed hydra
 22596 | Lair:6   | Noticed a seven-headed hydra
 23472 | Lair:2   | Learned a level 2 spell: Blink
 23477 | Lair:2   | Found a hole to the Spider Nest.
 23984 | Lair:2   | Noticed a catoblepas
 24451 | Lair:2   | Killed a catoblepas
 24616 | Lair:2   | Found a staircase to the Shoals.
 24687 | Lair:2   | Reached skill level 9 in Fighting
 25304 | Lair:3   | Reached XP level 13. HP: 90/90 MP: 18/22
 25564 | Lair:3   | Found a transporter.
 26019 | Lair:3   | Found a transporter.
 27584 | Lair:4   | Learned a level 5 spell: Blade Hands
 27590 | Lair:4   | Learned a level 5 spell: Manifold Assault
 28175 | Lair:5   | Found a staircase to the Slime Pits.
 28175 | Lair:5   | Found a viscous altar of Jiyva.
 28188 | Lair:5   | Reached skill level 10 in Fighting
 29038 | Lair:5   | Found a glowing silver altar of Zin.
 30053 | Lair:5   | Reached XP level 14. HP: 54/99 MP: 14/23
 35235 | Orc:1    | Entered Level 1 of the Orcish Mines
 35363 | Orc:2    | Entered Level 2 of the Orcish Mines
 36815 | D:12     | Noticed Fannar
 37194 | D:12     | Killed Fannar
 38511 | D:13     | Noticed Rupert
 38747 | Orc:1    | Noticed an orc warlord
 38765 | Orc:1    | Killed an orc warlord
 38766 | Orc:1    | Reached XP level 15. HP: 105/105 MP: 24/24
 39156 | Orc:1    | Found a transporter.
 39161 | Orc:1    | Noticed skullybones's ghost (journeyman DsAK)
 39217 | Orc:1    | Found Reasot's Book Shop.
 40227 | Orc:2    | Reached skill level 11 in Fighting
 40547 | Orc:2    | Found Dafel Gong's Distillery.
 41558 | Orc:2    | Reached skill level 12 in Fighting
 41697 | Orc:2    | Found Fualaeseni's Magic Scroll Emporium.
 41704 | Orc:2    | Found a staircase to the Elven Halls.
 41704 | Orc:2    | Found Mefim's Distillery.
 41747 | Orc:2    | Bought a scroll of blinking for 97 gold pieces
 41747 | Orc:2    | Bought a scroll of blinking for 97 gold pieces
 41747 | Orc:2    | Bought a scroll of fog for 26 gold pieces
 41747 | Orc:2    | Bought a scroll of poison for 45 gold pieces
 41747 | Orc:2    | Bought a scroll of fog for 26 gold pieces
 41747 | Orc:2    | Bought a scroll of poison for 45 gold pieces
 41752 | Orc:2    | Bought a potion of heal wounds for 65 gold pieces
 41752 | Orc:2    | Bought a potion of curing for 39 gold pieces
 41752 | Orc:2    | Bought a potion of cancellation for 104 gold pieces
 41754 | Orc:2    | Found Loneajaqa's Magic Scroll Emporium.
 41764 | Orc:2    | Bought a scroll of magic mapping for 49 gold pieces
 41769 | Orc:2    | Bought 2 potions of invisibility for 240 gold pieces
 41769 | Orc:2    | Bought a potion of brilliance for 60 gold pieces
 41769 | Orc:2    | Bought a potion of curing for 45 gold pieces
 42048 | Orc:1    | Noticed an orc warlord
 42571 | Orc:1    | Found a transporter.
 42634 | Orc:1    | Killed an orc warlord
 43276 | D:14     | Found Ineer's Assorted Antiques.
 43291 | D:14     | Bought 2 potions of curing for 174 gold pieces
 43291 | D:14     | Bought a potion of cancellation for 232 gold pieces
 43291 | D:14     | Bought a potion of brilliance for 116 gold pieces
 43291 | D:14     | Bought a wand of acid (6) for 232 gold pieces
 43844 | D:14     | Reached skill level 13 in Fighting
 44136 | D:14     | Found a gate to the Vaults.
 44178 | D:15     | Entered Level 15 of the Dungeon
 44737 | D:14     | Found an opulent altar of Gozag.
 44826 | D:13     | Demolished by Rupert

Illustrated notes

Levels and vault maps discovered:
D:1:      lightli_arrival_flooded_house, layout_loops_corners
D:2:      layout_loops_cross, basic_altar, hangedman_decor_diamond_cutter,
          minmay_misc_feat_iff, ebering_dispersal_statue_hall
D:3:      layout_loops_cross, chequers_temple_overflow_minitemple,
          grunt_temple_overflow_open, shapermc_ecumenical_altar_mp_urbaneastern,
          gammafunk_ghost_split, uniq_sigmund
D:4:      lemuel_castle_with_subvaults [lemuel_castle_interior_carwin_3],
          layout_loops_ring, mainiacjoe_overflow_six_doors_small,
          nicolae_grassy_gnolls, uniq_pikel, uniq_menkaure
D:5:      layout_basic, serial_shops,
          nicolae_shop_temple_entry_statues_fountains
D:6:      layout_basic, minmay_temple_entry_steel_oval,
          grunt_decor_mini_mirrors, uniq_maggie
D:7:      minmay_s_stair_smasher, layout_basic,
          nicolae_wu_jian_immortal_techniques, kennysheep_nub,
          grunt_ministairs_14, bh_walls_and_bars
D:8:      layout_basic, amethyst_overflow_temple_binary,
          minmay_shop_grid_forest, hangedman_decor_lopped,
          kennysheep_windowed_goal
D:9:      layout_stronghold, david_lair_generic, serial_shops,
          nicolae_shop_crystal, nicolae_inconvenience_store
D:10:     layout_roguey, david_orc_2, minmay_fire_ice_demons
D:11:     layout_rooms
D:12:     layout_irregular_city, uniq_fannar
D:13:     layout_basic, lemuel_flamethrower_2, uniq_rupert
D:14:     layout_irregular_city, david_vaults_5, roderic_serpentine_path,
          serial_shops, shop, grunt_gozag_statues
D:15:     grunt_enter_depths_snipers, layout_small_grid,
          nicolae_hepliaklqana_ecumenical_no_more
Temple:   cyrus_circular_temple
Lair:1:   layout_layer_cave, grunt_megastairs_1, serial_bayou_shore_a,
          infiniplex_staircase_pool_2
Lair:2:   layout_cave_shapes, minmay_shoals_entry_centaurs,
          spider_nest_entry_rubble, grunt_megastairs_2
Lair:3:   gammafunk_cloud_chamber, layout_chaotic_city, serial_rivers,
          chequers_serial_rivers_large_b, chequers_serial_rivers_small_a,
          chequers_serial_rivers_marsh, chequers_serial_rivers_micro_b,
          chequers_serial_rivers_room_b, chequers_serial_rivers_small_a,
          roderic_carrion_pond, serial_bayou_shore_b
Lair:4:   layout_concentric_octagons, minmay_lair_oklob_bushes
Lair:5:   layout_loops_ring, minmay_slime_entry_pillars, basic_altar,
          nicolae_quartered_pool_medium, serial_bayou_shore_b
Lair:6:   evilmike_catoblepas_cave, layout_loops_ring,
          dreamdust_mushroom_princess, grunt_megastairs_5
Orc:1:    layout_caves, gammafunk_ghost_berserking_beasts, serial_shops,
          nicolae_lakefront_shop
Orc:2:    st_orc_open, layout_caves, guppyfry_library_mini

Skill      XL: |  1  2  3  4  5  6  7  8  9 10 11 12 13 14 15 |
---------------+----------------------------------------------+-----
Stealth        | 1 2 3 6 |  6.0
Fighting       | 2 3 4 5 6 7 9 10 13 | 13.0
Transmutations | 4 6 7 8 10 | 10.1
Poison Magic   | 1 |  1.0
Ice Magic      | 2 6 8 |  8.0
Unarmed Combat | 4 6 7 9 10 | 10.5
Invocations    | 6 9 11 12 | 12.0
Dodging        | 5 6 7 10 | 10.0
Translocations | 3 7 10 | 10.0
Evocations     | 2 4 |  4.0
Spellcasting   | 5 6 |  6.3

Action                   |  1- 3 |  4- 6 |  7- 9 | 10-12 | 13-15 || total
-------------------------+-------+-------+-------+-------+-------++-------
Melee: Unarmed           |    84 |    93 |   263 |   570 |   865 ||  1875
       Constrict         |    22 |    25 |     9 |     2 |     2 ||    60
       Kick              |    21 |    32 |     6 |       |       ||    59
       Tentacles         |    12 |    19 |     6 |     3 |       ||    40
       Punch             |     2 |     4 |     1 |     2 |     2 ||    11
 Cast: Beastly Appendage |    28 |    21 |     3 |       |       ||    52
       Spider Form       |       |       |    10 |       |       ||    10
       Ice Form          |       |       |    31 |    82 |   152 ||   265
       Wereblood         |       |       |     1 |    11 |     8 ||    20
       Manifold Assault  |       |       |       |       |     9 ||     9
Invok: Slouch            |       |       |       |       |    21 ||    21
Evoke: Wand              |       |       |    13 |    29 |    31 ||    73
  Use: Scroll            |     7 |     3 |     9 |    10 |    23 ||    52
       Potion            |       |     1 |     3 |     3 |    12 ||    19
 Stab: Sleeping          |    12 |     8 |     4 |     3 |     8 ||    35
       Paralysed         |       |       |     7 |       |    16 ||    23
       Invisible         |       |       |       |     2 |       ||     2
       Distracted        |       |       |       |       |     1 ||     1
Armor: Skin              |    11 |     8 |    89 |   205 |   209 ||   522
Dodge: Dodged            |    42 |    41 |   165 |   431 |   596 ||  1275
Block: Other             |       |       |       |       |    94 ||    94
       Reflection        |       |       |       |       |     6 ||     6

Table legend: (Time is in decaauts)
 A = Elapsed time spent in this place.
 B = Non-inter-level travel time spent in this place.
 C = Inter-level travel time spent in this place.
 D = Time resting spent in this place.
 E = Time spent auto-exploring this place.
 F = Levels seen in this place.
 G = Mean time per level.
                   A        B        C        D        E       F      G
               +--------+--------+--------+--------+--------+-----+--------+
         Total |  55934 |  51284 |   4650 |  14704 |  28484 |  24 | 2330.6 |
       Dungeon |  30698 |  27475 |   3223 |   7477 |  15288 |  15 | 2046.5 |
        Temple |     56 |     38 |     18 |      0 |     28 |   1 |   56.0 |
          Lair |  19525 |  18704 |    821 |   5733 |  10489 |   6 | 3254.2 |
  Orcish Mines |   5654 |   5068 |    586 |   1493 |   2678 |   2 | 2827.0 |
               +--------+--------+--------+--------+--------+-----+--------+

Top non-repeatable levels by time:
  Lair:5: 4621 daAuts
     D:5: 4418 daAuts
  Lair:2: 4075 daAuts
  Lair:6: 3899 daAuts
     D:9: 3519 daAuts
   Orc:2: 2887 daAuts
   Orc:1: 2767 daAuts
  Lair:1: 2618 daAuts
     D:7: 2576 daAuts
     D:8: 2372 daAuts
    D:10: 2361 daAuts
     D:4: 2340 daAuts
  Lair:4: 2286 daAuts
     D:3: 2085 daAuts
  Lair:3: 2024 daAuts
